Map: Acid Plant LE

Players

Namshar - Winner!

  • Race: Zerg Zerg
  • Spawn Location: 5:00

Priest

  • Race: Zerg Zerg
  • Spawn Location: 11:00

Event: WCS Austin 2018

VOD

Have the link to the VOD?

Description

Time

  • Played on: June 1, 2018, 3:07 p.m.
  • Length: 4:52

All games in this series

Show
View Real Time Build Order
Export as new Build Order

Namshar Zerg - Winner!

Build Orders: Hatch First, Zergling Baneling 

Get SALT Encoding   

  12  0:00  Drone  
  13  0:13  Overlord  
  13  0:17  Drone  
  14  0:31  Drone x2  
  14  0:35  Drone  
  17  0:51  Hatchery  
  17  0:54  Drone  
  17  0:58  Drone  
  18  1:08  Extractor  
  17  1:12  Spawning Pool  
  17  1:15  Drone  
  17  1:19  Drone  
  18  1:28  Drone  
  19  1:40  Overlord  
  19  1:52  Drone  
  20  1:59  Queen  
  20  2:01  Zergling x2  
  23  2:02  Queen  
  23  2:03  Zergling x2  
  23  2:07  Metabolic Boost  
  26  2:11  Drone  
  26  2:14  Drone  
  28  2:23  Drone  
  28  2:25  Drone  
  30  2:35  Hatchery  
  29  2:38  Drone  
  30  2:44  Overlord  
  30  2:47  Drone  
  30  2:50  Baneling Nest  
  30  2:52  Drone  
  30  2:57  Drone x2  
  33  3:07  Queen  
  33  3:12  Zergling x2  
  36  3:13  Zergling x2  
  36  3:14  Zergling x4  
  36  3:18  Zergling x2  
  36  3:19  Zergling x2  
  41  3:23  Overlord  
  41  3:28  Zergling x2  
  41  3:29  Drone  
  41  3:30  Drone  
  41  3:33  Baneling  
  41  3:34  Baneling x2  
  44  3:39  Baneling  
  44  3:42  Drone  
  44  3:44  Queen  
  44  3:46  Zergling x6  
  44  3:48  Baneling  
  50  3:55  Zergling x4  
  49  3:56  Zergling x4  
  51  4:09  Baneling  
  51  4:11  Zergling x12  
  56  4:18  Overlord  
  56  4:24  Baneling x2  
Show
View Real Time Build Order
Export as new Build Order

Priest Zerg 

Build Orders: Hatch First 

Get SALT Encoding   

  12  0:01  Drone  
  13  0:12  Overlord  
  13  0:17  Drone  
  14  0:31  Drone  
  14  0:34  Drone  
  16  0:53  Hatchery  
  15  0:59  Drone x3  
  18  1:08  Extractor  
  17  1:16  Spawning Pool  
  16  1:19  Drone  
  16  1:23  Drone  
  18  1:32  Drone  
  19  1:42  Overlord  
  19  1:53  Drone  
  20  2:04  Queen x2  
  20  2:07  Drone x2  
  26  2:10  Metabolic Boost  
  26  2:19  Drone x2  
  28  2:29  Baneling Nest  
  27  2:30  Drone x2  
  29  2:37  Zergling x4  
  31  2:48  Zergling x4  
  33  2:59  Overlord  
  33  3:01  Zergling x2  
  34  3:09  Zergling x2  
  34  3:10  Zergling x2  
  36  3:13  Overlord  
  36  3:17  Zergling x10  
  41  3:26  Zergling x4  
  43  3:35  Zergling x4  
  45  3:53  Zergling x2  
  45  3:54  Zergling x6  
  44  4:01  Zergling x8  
  41  4:07  Zergling x4  
  41  4:15  Zergling x2  
  42  4:19  Baneling x2  
  42  4:21  Zergling x2  
  43  4:27  Zergling x4  
Tags
 
Add a new tag
Caveats
  • Supply blocks, unpowered buildings, or Contaminate may cause inaccurate times.
  • Supply counts are checked every 10 seconds.